 Dungeon Crawl Stone Soup version 0.32-a0-42-ga30500b4d3 (webtiles) character file.

Game seed: 16258383045282008888

88 cforsyth the Magician (level 4, -1/35 HPs)
             Began as a Djinni Reaver on Jan 28, 2024.
             Slain by a ribbon worm (5 damage)
             ... on level 2 of the Dungeon.
             The game lasted 00:03:05 (1367 turns).

cforsyth the Magician (Djinni Reaver)               Turns: 1367, Time: 00:03:06

Health: -1/35      AC:  4    Str: 11    XL:     4   Next: 82%
Gold:   61         EV: 11    Int: 16    God:
                   SH:  0    Dex: 12

rFire   + + .        a - +0 short sword
rCold   x . .        (no shield)
rNeg    . . .        b - +0 leather armour
rPois   ∞            (no helmet)
rElec   .            f - +0 cloak
rCorr   .            (no gloves)
SInv    .            (boots unavailable)
Will    .....        (no amulet)
Stlth   +            (no ring)
HPRegen 0.25/turn    (no ring)
MPRegen 0.00/turn

%: infuse magic (-2 HP)
@: flying
A: sickness immunity, fire resistance 2, cold vulnerability 1, float, innate
caster, HP casting, extra vitality 1
a: no special abilities


You were on level 2 of the Dungeon.
You visited 1 branch of the dungeon, and saw 2 of its levels.

You collected 61 gold pieces.

Inventory:

Hand Weapons
 a - a +0 short sword (weapon)
Armour
 b - a +0 leather armour (worn)
 f - a +0 cloak (worn)
Magical Staves
 j - a staff of cold
Scrolls
 c - a scroll of teleportation {unknown}
 d - a scroll of immolation {unknown}
 h - a scroll of fear {unknown}
Potions
 e - a potion of ambrosia {unknown}
 g - 2 potions of degeneration {unknown}
 i - a potion of magic {unknown}
 k - a potion of haste {unknown}


   Skills:
 + Level 3.5 Fighting
 - Level 2.6 Short Blades
 - Level 2.1 Dodging
 + Level 3.7 Spellcasting
 + Level 3.7 Conjurations
 + Level 3.7 Hexes
 + Level 3.7 Summonings
 + Level 3.7 Necromancy
 + Level 3.7 Translocations
 + Level 3.7 Fire Magic
 + Level 3.7 Ice Magic
 + Level 3.7 Air Magic
 + Level 3.7 Earth Magic
 + Level 3.7 Alchemy


You knew the following spells:

 Your Spells              Type           Power      Damage    Failure   Level
a - Kiss of Death         Conj/Necr      56%        2d9       4%          1
b - Momentum Strike       Conj/Tloc      28%        3d8       8%          2
c - Hailstorm             Conj/Ice       14%        3d6       16%         3
d - Slow                  Hex            56%        N/A       4%          1
Your spell library was empty.

Dungeon Overview and Level Annotations

Branches:
Dungeon (2/15)

Altars:


Innate Abilities, Weirdness & Mutations

You are immune to sickness and miasma.
You are immune to poison.
Your flesh is very heat resistant. (rF++)
You are vulnerable to cold. (rC-)
You float through the air rather than walking.
You learn spells naturally, not from books.
Your magical power is your life essence.
You have superior vitality. (+4 MHP)


Message History

The ribbon worm is heavily wounded.
The ribbon worm bites you.
You barely miss the ribbon worm.
The ribbon worm is heavily wounded.
You hit the ribbon worm.
The ribbon worm is heavily wounded.
The ribbon worm bites you.
You hit the ribbon worm.
The ribbon worm is heavily wounded.
You barely miss the ribbon worm.
The ribbon worm is heavily wounded.
The ribbon worm bites you!
You hit the ribbon worm.
The ribbon worm is severely wounded.
The ribbon worm bites you.
You hit the ribbon worm.
The ribbon worm is almost dead.
You hit the ribbon worm.
The ribbon worm is almost dead.
The ribbon worm expels a string of sticky webbing.
The stream of webbing hits you but does no damage.
You are caught in a web!
The web tears apart.
The ribbon worm barely misses you.
You hit the ribbon worm.
The ribbon worm is almost dead.
The ribbon worm bites you.
* * * LOW HITPOINT WARNING * * *
You hit the ribbon worm.
The ribbon worm is almost dead.
The ribbon worm bites you.
* * * LOW HITPOINT WARNING * * *
You hit the ribbon worm but do no damage.
The ribbon worm is almost dead.
You hit the ribbon worm but do no damage.
The ribbon worm is almost dead.
The ribbon worm barely misses you.
You hit the ribbon worm but do no damage.
The ribbon worm is almost dead.
The ribbon worm bites you.
You die...

####.#..# ...
.#.####.# ... ..# ...
#.....#.# #.. #.# ...
####.#..# #.# #.# <...
†#.###### #.# #.# ...#
#†....#.# #.# #.##..#
####.#..######.#
#.#..#
#######.#......###...#
................@w.#.#
##################...#
#...# ### #######...#
÷<# ..........# #####
..........+ ....#
............. ....#
.....[.....#..# ....#
...........# ..


You could see a ribbon worm.

Vanquished Creatures
  5 adders (D:2)
  2 dart slugs
  6 bats
  3 endoplasms
  A giant cockroach (D:1)
  4 goblins
  3 hobgoblins
  3 jackals (D:1)
  A kobold (D:2)
  3 quokkas
  2 ball pythons (D:2)
  5 frilled lizards
  A rat (D:2)
39 creatures vanquished.

Notes
Turn   | Place    | Note
-------+----------+-------------------------------------------
     0 | D:1      | cforsyth the Djinni Reaver began the quest for the Orb.
     0 | D:1      | cforsyth set off with the following spells memorised: Kiss
                  | of Death, Momentum Strike, Hailstorm.
     0 | D:1      | Reached XP level 1. HP: 18/18 MP: 0/0
    60 | D:1      | Reached XP level 2. HP: 17/23 MP: 0/0
   332 | D:1      | Reached XP level 3. HP: 16/29 MP: 0/0
   332 | D:1      | Learned a level 1 spell: Slow
   731 | D:2      | Reached XP level 4. HP: 2/31 MP: 0/0
  1367 | D:2      | Slain by a ribbon worm

Illustrated notes

Levels and vault maps discovered:
D:1:      sevenhm_arrival_forest_fort_small_6, layout_rooms,
          chequers_serial_rivers_micro_d
D:2:      minmay_angry_zag, layout_basic, minmay_misc_feat_x, minmay_3d_cube

Skill      XL: |  1  2  3 |
---------------+----------+-----
Spellcasting   | 3 |  3.7
Conjurations   | 3 |  3.7
Hexes          | 3 |  3.7
Summonings     | 3 |  3.7
Necromancy     | 3 |  3.7
Translocations | 3 |  3.7
Fire Magic     | 3 |  3.7
Ice Magic      | 3 |  3.7
Air Magic      | 3 |  3.7
Earth Magic    | 3 |  3.7
Alchemy        | 3 |  3.7
Fighting       | 3 |  3.5
Short Blades   | |  2.6
Dodging        | |  2.1

Action                     |  1- 3 |  4- 6 || total
---------------------------+-------+-------++-------
  Melee: Short sword       |   134 |   107 ||   241
         Punch             |     3 |     1 ||     4
   Cast: Kiss of Death     |     1 |       ||     1
 Armour: Leather armour    |    93 |    69 ||   162
  Dodge: Dodged            |   112 |    60 ||   172

Table legend: (Time is in decaauts)
 A = Elapsed time spent in this place.
 B = Non-inter-level travel time spent in this place.
 C = Inter-level travel time spent in this place.
 D = Time resting spent in this place.
 E = Time spent auto-exploring this place.
 F = Levels seen in this place.
 G = Mean time per level.
                   A        B        C        D        E       F      G
               +--------+--------+--------+--------+--------+-----+--------+
         Total |   1334 |   1308 |     26 |      0 |    905 |   2 |  667.0 |
       Dungeon |   1334 |   1308 |     26 |      0 |    905 |   2 |  667.0 |
               +--------+--------+--------+--------+--------+-----+--------+

Top non-repeatable levels by time:
     D:2: 764 daAuts
     D:1: 570 daAuts
